 Dungeon Crawl Stone Soup version 0.25.1-8-g42b30a86e7 (webtiles) character file.

Game seed: 17255162735745069115

19030 Azimut41r the Covert (level 13, -3/89 HPs)
             Began as a Halfling Assassin on Dec 20, 2020.
             Was a Believer of Dithmenos.
             Slain by a freezing wraith (22 damage)
             ... led by a death knight
             ... on level 12 of the Dungeon.
             The game lasted 02:07:34 (16989 turns).

Azimut41r the Covert (Halfling Assassin)           Turns: 16989, Time: 02:07:39

Health: -3/89      AC: 14    Str: 12    XL:     13   Next: 1%
Magic:  26/26      EV: 24    Int: 13    God:    Dithmenos [**....]
Gold:   517        SH:  0    Dex: 26    Spells: 12/12 levels left

rFire    + . .     SeeInvis .   b - +2 dagger (venom)
rCold    . . .     Gourm    .   (shield restricted)
rNeg     . . .     Faith    .   p - +3 leather armour {rF+}
rPois    .         Spirit   .   E - +1 hat {Int+3}
rElec    .         Reflect  .   j - +2 cloak {rCorr}
rCorr    +         Harm     .   L - +0 pair of gloves
MR       .....                  v - +2 pair of boots
Stlth    +++++++...             r - amulet of regeneration
HPRegen  0.64/turn              o - ring of magical power
MPRegen  0.20/turn              B - +6 ring of dexterity

@: slowed, wreathed by umbra, lightly drained, very slow
A: small, mutation resistance 1
a: Shadow Step, Renounce Religion


You were on level 12 of the Dungeon.
You worshipped Dithmenos.
Dithmenos was pleased with you.
You were not hungry.

You visited 2 branches of the dungeon, and saw 13 of its levels.

You collected 677 gold pieces.
You spent 160 gold pieces at shops.

Inventory:

Hand Weapons
 a - a +4 dagger
 b - a +2 dagger of venom (weapon)
 u - a +2 short sword of distortion
 z - a +0 hunting sling
 P - a +2 short sword of electrocution
 U - a +2 vampiric short sword
Missiles
 g - 6 silver javelins
 t - 7 boomerangs
 w - 66 sling bullets
 D - 7 curare-tipped darts
 F - 9 poisoned darts (quivered)
Armour
 c - a +1 pair of boots
 j - a +2 cloak of preservation (worn)
 p - a +3 leather armour of fire resistance (worn)
 v - a +2 pair of boots (worn)
 E - a +1 hat of intelligence (worn)
 L - a +0 pair of gloves (worn)
 T - a +2 robe of cold resistance
Jewellery
 o - a ring of magical power (left hand)
 r - an amulet of regeneration (around neck)
 x - a cursed -4 ring of slaying {unknown}
 B - a +6 ring of dexterity (right hand)
 M - an uncursed ring of protection from fire
Wands
 s - a wand of random effects (15)
 y - a wand of acid (5)
 G - a wand of disintegration (1)
 I - a wand of polymorph (18)
 K - a wand of enslavement (9)
 N - a wand of iceblast (7)
 R - a wand of flame (7)
Scrolls
 k - 4 scrolls of enchant weapon
 m - 8 scrolls of identify
 n - a scroll of fog
 S - 4 scrolls of remove curse
 Z - 2 scrolls of enchant armour
Potions
 d - a potion of brilliance
 e - 2 potions of haste
 h - 4 potions of curing
 l - 3 potions of invisibility
 q - 5 potions of might
 A - 2 potions of lignification
 C - a potion of degeneration
 J - a potion of flight
 Q - a potion of ambrosia
 W - a potion of stabbing
Comestibles
 f - 22 rations


   Skills:
 + Level 8.5(8.4) Fighting
 + Level 10.8(10.7) Short Blades
 + Level 9.2(9.1) Throwing
 + Level 9.8(9.7) Dodging
 + Level 11.2(11.1) Stealth
 + Level 0.0 Invocations
 + Level 5.5(5.4) Evocations


You had 12 spell levels left.
You didn't know any spells.
Your spell library contained the following spells:

 Spells                   Type           Power        Failure   Level  Hunger
 Animate Skeleton         Necr           N/A          36%         1    ##.....
 Pain                     Necr           #...         36%         1    ##.....
 Shock                    Conj/Air       #...         36%         1    ##.....
 Swiftness                Chrm/Air       #.......     52%         2    ###....
 Static Discharge         Conj/Air       #.......     75%         3    ####...
 Vampiric Draining        Necr           #.........   75%         3    ####...
 Airstrike                Air            #.........   98%         4    #####..
 Animate Dead             Necr           N/A          98%         4    #####..
 Agony                    Necr           #.......     100%        5    ######.
 Lightning Bolt           Conj/Air       #.........   100%        5    ######.


Dungeon Overview and Level Annotations

Branches:
Dungeon (12/15)            Temple (1/1) D:4            Lair (0/6) D:10
    Orc: D:9-12

Altars:
Ashenzari
Cheibriados
Dithmenos
Elyvilon
Fedhas
Gozag
Hepliaklqana
Kikubaaqudgha
Makhleb
Nemelex Xobeh
Okawaru
Qazlal
Ru
Sif Muna
Trog
Uskayaw
Vehumet
Wu Jian
Xom
Yredelemnul
Zin
The Shining One
Lugonu

Shops:
D:7 *   D:9 }


Innate Abilities, Weirdness & Mutations

You are small and have problems with some larger weapons.
You are somewhat resistant to further mutation.


Message History

Press: ? - help, Shift-Dir - straight line, f/p - freezing wraith
Aim: a freezing wraith (heavily damaged, umbra)
The puff of flame hits the freezing wraith!
The freezing wraith is burned terribly!
The freezing wraith is severely damaged.
The freezing wraith completely misses you.
The freezing wraith misses you.
A freezing wraith is nearby!
That item cannot be evoked!
Evoke which item? (* to show all) (? for menu, Esc to quit)
Aiming: Throw Flame
Press: ? - help, Shift-Dir - straight line, f/p - freezing wraith
Aim: a freezing wraith (severely damaged, umbra)
The puff of flame hits the freezing wraith.
The freezing wraith is burned terribly!
The freezing wraith is severely damaged.
The freezing wraith hits you!
* * * LOW HITPOINT WARNING * * *
The freezing wraith freezes you!!
You die...

#...)))W..p.#####
##.).#####W##
#...# #.#
#......>.#####p#
#.######.#...W.#
#.#p##### #.#.###
#.#W#.#######
#.#.#..W@.[.#
#.#†#[#####.#
#...#<..#.#
#####...#.#
#......##.#
##........#
##########


You could see a freezing wraith.

Vanquished Creatures
  Erolcha (D:10)
  Harold (D:9)
  Fannar (D:9)
  A hydra (D:8)
  3 death yaks (D:9)
  Nergalle (D:10)
  Sonja (D:10)
  2 ugly things
  A manticore (D:11)
  Maurice (D:8)
  A gargoyle (D:11)
  A freezing wraith (D:12)
  2 trolls
  Grinder (D:4)
  6 hippogriffs
  2 dream sheep (D:8)
  Sigmund (D:4)
  2 wyverns
  11 yaks
  2 wraiths
  A hungry ghost (D:11)
  4 vampire mosquitoes (D:12)
  A sky beast (D:10)
  3 porcupines
  2 orc warriors (D:11)
  2 ice beasts
  An eye of draining (D:11)
  2 phantoms
  6 ogres
  5 centaurs
  7 big kobolds
  12 bullfrogs
  A wyvern skeleton (D:12)
  A scorpion (D:4)
  7 killer bees
  8 wights
  An electric eel (D:8)
  2 howler monkeys
  9 crimson imps
  2 centaur zombies
  7 orc priests
  6 hounds
  A centaur skeleton (D:4)
  A gnoll shaman (D:4)
  12 orc wizards
  Jessica (D:2)
  3 iguanas
  Natasha (twice) (D:2)
  2 hell rats
  11 worker ants
  A killer bee zombie (D:8)
  A hound skeleton (D:10)
  A hound zombie (D:5)
  2 worker ant zombies
  14 gnolls
  8 adders
  A river rat (D:9)
  2 shadow imps
  A worm (D:2)
  4 leopard geckos
  36 orcs
  A ball python (D:1)
  2 bats
  3 giant cockroaches
  7 goblins
  5 hobgoblins
  3 jackals (D:3)
  7 quokkas
  3 frilled lizards
  27 kobolds
  A leopard gecko skeleton (D:5)
  2 quokka skeletons
  12 rats
309 creatures vanquished.

Vanquished Creatures (collateral kills)
  A troll (D:10)
1 creature vanquished.

Vanquished Creatures (others)
  A quokka (D:10)
  A frilled lizard (D:2)
2 creatures vanquished.

Grand Total: 312 creatures vanquished

Notes
Turn   | Place    | Note
-------+----------+-------------------------------------------
     0 | D:1      | Azimut41r the Halfling Assassin began the quest for the
                  | Orb.
     0 | D:1      | Reached XP level 1. HP: 14/14 MP: 1/1
   392 | D:1      | Reached XP level 2. HP: 19/19 MP: 2/2
   857 | D:2      | Reached XP level 3. HP: 24/24 MP: 3/3
   887 | D:2      | Noticed Jessica
   894 | D:2      | Killed Jessica
   951 | D:2      | Reached XP level 4. HP: 28/29 MP: 4/4
   975 | D:2      | Noticed Natasha
   989 | D:2      | Killed Natasha
  1170 | D:2      | Found a radiant altar of Vehumet.
  1300 | D:2      | Noticed Natasha
  1307 | D:2      | Killed Natasha
  1307 | D:2      | Reached skill level 5 in Stealth
  1307 | D:2      | Reached XP level 5. HP: 35/35 MP: 5/5
  1821 | D:3      | Found a sparkling altar of Nemelex Xobeh.
  2716 | D:3      | Found a radiant altar of Vehumet.
  2839 | D:3      | Reached XP level 6. HP: 41/41 MP: 6/6
  3300 | D:4      | Noticed Grinder
  3339 | D:4      | Paralysed by Grinder for 2 turns
  3351 | D:4      | HP: 2/42 [Grinder/nerve-wracking pain (8)]
  3701 | D:4      | Killed Grinder
  3701 | D:4      | Reached XP level 7. HP: 25/46 MP: 7/7
  4058 | D:4      | Noticed Sigmund
  4222 | D:4      | Killed Sigmund
  4222 | D:4      | Reached skill level 6 in Stealth
  4381 | D:4      | Found a staircase to the Ecumenical Temple.
  4445 | D:3      | Reached skill level 5 in Short Blades
  4445 | D:3      | Reached XP level 8. HP: 27/54 MP: 8/8
  4727 | Temple   | Entered the Ecumenical Temple
  4887 | D:4      | Found an ornate altar of the Wu Jian Council.
  4887 | D:4      | Found an opulent altar of Gozag.
  5036 | D:5      | Entered Level 5 of the Dungeon
  5184 | D:5      | Found a glowing silver altar of Zin.
  5186 | D:5      | Noticed an angel
  5804 | D:5      | Found a shimmering altar of Xom.
  6251 | D:5      | Reached skill level 7 in Stealth
  6572 | D:5      | Reached skill level 5 in Dodging
  6754 | D:6      | Reached skill level 5 in Throwing
  6754 | D:6      | Reached XP level 9. HP: 59/59 MP: 9/9
  7345 | D:5      | Reached skill level 5 in Fighting
  8047 | D:7      | Reached skill level 8 in Stealth
  8310 | D:7      | Found Feidd's Assorted Antiques.
  8484 | D:8      | Noticed Maurice
  8495 | D:8      | Killed Maurice
  8495 | D:8      | Reached XP level 10. HP: 66/66 MP: 10/10
  9106 | D:8      | Found a bloodstained altar of Trog.
  9106 | D:8      | Found a white marble altar of Elyvilon.
  9106 | D:8      | Found a blossoming altar of Fedhas.
  9106 | D:8      | Found a sacrificial altar of Ru.
  9112 | D:8      | Found a shattered altar of Ashenzari.
  9112 | D:8      | Found an ancient bone altar of Kikubaaqudgha.
  9460 | D:8      | Reached skill level 9 in Stealth
  9627 | D:8      | Noticed a two-headed hydra
  9649 | D:8      | Killed a two-headed hydra
 10454 | D:9      | Found Koriadis's Gadget Boutique.
 10464 | D:9      | Bought a wand of paralysis (8) for 160 gold pieces
 10825 | D:8      | Reached skill level 1 in Evocations
 10911 | D:9      | Reached XP level 11. HP: 74/74 MP: 11/11
 11211 | D:9      | Found a shadowy altar of Dithmenos.
 11219 | D:9      | Became a worshipper of Dithmenos the Shadowed
 11372 | D:10     | Entered Level 10 of the Dungeon
 11407 | D:10     | Noticed Harold
 11758 | D:10     | Found a staircase to the Lair.
 11758 | D:10     | Noticed a death yak
 11759 | D:10     | Noticed a death yak
 11759 | D:10     | Noticed Fannar
 11779 | D:10     | Noticed a death yak
 11900 | D:9      | Killed a death yak
 11990 | D:9      | Killed a death yak
 12089 | D:9      | Killed a death yak
 12089 | D:9      | Reached skill level 10 in Stealth
 12442 | D:9      | Killed Harold
 12758 | D:9      | Killed Fannar
 12961 | D:10     | Noticed Erolcha
 13081 | D:10     | Paralysed by Erolcha for 5 turns
 13115 | D:10     | Killed Erolcha
 13115 | D:10     | Reached XP level 12. HP: 46/81 MP: 14/14
 13260 | D:10     | Found a shadowy altar of Dithmenos.
 14003 | D:10     | Reached skill level 10 in Short Blades
 14217 | D:10     | Noticed Sonja
 14219 | D:10     | Killed Sonja
 14582 | D:11     | Reached * piety under Dithmenos
 14669 | D:11     | Noticed Nergalle
 14744 | D:10     | Killed Nergalle
 15295 | D:11     | Found a basalt altar of Yredelemnul.
 15477 | D:11     | Reached skill level 5 in Evocations
 15643 | D:11     | Found a sparkling altar of Nemelex Xobeh.
 15677 | D:11     | Reached skill level 11 in Stealth
 16279 | D:12     | Reached ** piety under Dithmenos
 16719 | D:12     | Noticed a death knight
 16773 | D:12     | HP: 4/84 [freezing wraith[a death knight] (22)]
 16782 | D:12     | Reached XP level 13. HP: 36/89 MP: 17/17
 16989 | D:12     | Slain by a freezing wraith

Illustrated notes

Levels and vault maps discovered:
D:1:      evilmike_arrival_home_sweet_home, layout_rooms, skrybe_limestone_x,
          minmay_pentomino_u4
D:2:      layout_basic, fiery_altar_vehumet, uniq_jessica, uniq_natasha
D:3:      layout_loops_cross, nemelex_xobeh_ov_fountains_minmay, first_ration,
          lemuel_tele_altar
D:4:      layout_cave_pools, amethyst_overflow_temple_binary,
          minmay_temple_entry_antechambers, uniq_sigmund, uniq_grinder
D:5:      layout_loops_ring, grunt_temple_overflow_order_and_chaos_1,
          minmay_fractal_squares_gapless_5
D:6:      layout_basic
D:7:      layout_basic, serial_shops, nicolae_shop_crystal
D:8:      layout_basic, minmay_overflow_temple_hex, minmay_crystal_water,
          hangedman_ranch [blue_anna_fruit_fields], minmay_hedge_maze,
          minmay_misc_feat_alley, uniq_maurice
D:9:      layout_gridville, nicolae_dithmenos_shadow_blocks, serial_glass,
          glass_columns_a, glass_columns_a, glass_columns_c, glass_columns_c,
          serial_shops, shop, kennysheep_generic_room_2
D:10:     layout_gridville, dpeg_lair_monsters, basic_altar, uniq_erolcha,
          uniq_fannar, uniq_harold, uniq_sonja
D:11:     layout_roguey, basic_altar, dk_noncrumbling_2,
          minmay_misc_feat_nine_boxes, nicolae_zen_rock_garden,
          yredelemnul_altar_generic, uniq_nergalle
D:12:     layout_basic, orc_0_dummy, enter_bailey_2
Temple:   kb_corrupted_temple

Skill      XL: |  1  2  3  4  5  6  7  8  9 10 11 12 |
---------------+-------------------------------------+-----
Fighting       | 2 3 4 5 6 7 8 |  8.5
Short Blades   | 3 4 5 6 7 8 9 10 | 10.8
Dodging        | 2 3 4 5 6 7 8 9 |  9.8
Stealth        | 5 6 7 8 9 10 11 | 11.2
Throwing       | 3 4 5 6 7 8 9 |  9.2
Evocations     | 1 3 5 |  5.5

Action                   |  1- 3 |  4- 6 |  7- 9 | 10-12 | 13-15 || total
-------------------------+-------+-------+-------+-------+-------++-------
Melee: Dagger            |    38 |   165 |   544 |  1325 |    17 ||  2089
 Fire: Hunting sling     |       |    19 |    66 |    43 |       ||   128
Throw: Dart              |     8 |    31 |    15 |   124 |     1 ||   179
       Stone             |       |    18 |     6 |       |       ||    24
       Boomerang         |       |       |       |     3 |       ||     3
       Throwing net      |       |       |       |     1 |       ||     1
Evoke: Wand              |       |       |       |    46 |    21 ||    67
  Use: Scroll            |     1 |       |    16 |     8 |     1 ||    26
       Potion            |       |       |       |     4 |     2 ||     6
 Stab: Sleeping          |     5 |     9 |    17 |    23 |       ||    54
       Distracted        |       |       |       |     3 |     1 ||     4
       Paralysed         |       |       |       |     1 |       ||     1
  Eat: Chunk             |       |     8 |    13 |    18 |     1 ||    40
       Ration            |       |       |     1 |     3 |       ||     4
Armor: Robe              |     2 |       |       |       |       ||     2
       Leather armour    |     4 |    35 |    99 |   195 |     5 ||   338
       Scale mail        |       |       |    30 |       |       ||    30
Dodge: Dodged            |    18 |    96 |   352 |  1007 |    35 ||  1508
